 Dungeon Crawl Stone Soup version 0.27.1-34-g3ba077fa99 (webtiles) character file.

Game seed: 9528005007179231285

7419 pkoi the Martial Artist (level 10, -1/83 HPs)
             Began as a Green Draconian Monk on Jan 6, 2022.
             Was a Priest of the Shining One.
             Slain by a komodo dragon (18 damage)
             ... on level 1 of the Lair of Beasts.
             The game lasted 00:16:26 (14443 turns).

pkoi the Martial Artist (Green Draconian Monk)     Turns: 14443, Time: 00:16:27

Health: -1/83      AC: 10    Str: 14    XL:     10   Next: 93%
Magic:  10/10      EV: 16    Int: 13    God:    the Shining One [***...]
Gold:   447        SH:  5    Dex: 20    Spells: 8/9 levels left

rFire    . . .     SeeInvis .     - Unarmed
rCold    . . .     Faith    .   (no shield)
rNeg     + . .     Spirit   .   (armour unavailable)
rPois    +         Reflect  +   (helmet restricted)
rElec    .         Harm     .   C - +0 cloak
rCorr    .         Rampage  .   d - +1 pair of gloves
Will     .....                  (no boots)
Stlth    +.........             A - amulet of reflection
HPRegen  0.23/turn              h - +6 ring of dexterity
MPRegen  0.12/turn              (no ring)

@: glowing
A: breathe noxious fumes, AC +7, unfitting armour, poison resistance,
cold-blooded
a: Breathe Noxious Fumes, Renounce Religion, Divine Shield


You were on level 1 of the Lair of Beasts.
You worshipped the Shining One.
The Shining One was most pleased with you.
You visited 3 branches of the dungeon, and saw 12 of its levels.
You also visited: Sewer.

You collected 447 gold pieces.

Inventory:

Hand Weapons
 a - a +0 whip of freezing
 f - a +2 dagger of flaming
 w - a +2 whip of venom
Missiles
 k - 53 poisoned darts (quivered)
 p - 3 datura-tipped darts
 q - 3 atropa-tipped darts
 x - a throwing net
Armour
 d - a +1 pair of gloves (worn)
 C - a +0 cloak (worn)
Jewellery
 h - a +6 ring of dexterity (left hand)
 t - an amulet of the acrobat
 y - an amulet of faith
 A - an amulet of reflection (around neck)
Wands
 g - a wand of polymorph (13)
 r - a wand of paralysis (9)
 z - a wand of iceblast (28)
Scrolls
 b - 2 scrolls of identify
 c - 4 scrolls of blinking
 e - 3 scrolls of enchant armour
 j - 2 scrolls of fear
 u - 2 scrolls of fog
Potions
 i - a potion of brilliance
 l - 5 potions of flight
 m - a potion of cancellation
 n - 2 potions of curing
 o - a potion of mutation
 v - a potion of lignification


   Skills:
 - Level 6.0 Fighting
 - Level 6.0 Dodging
 - Level 1.7 Stealth
 * Level 14.7 Unarmed Combat


You had 8 spell levels left.
You knew the following spells:

 Your Spells              Type           Power      Damage    Failure   Level
a - Apportation           Tloc           0%         N/A       30%         1

Your spell library contained the following spells:

 Spells                   Type           Power      Damage    Failure   Level
 Animate Skeleton         Necr           0%         N/A       30%         1
 Corona                   Hex            0%         N/A       30%         1
 Foxfire                  Conj/Fire      0%         2x1d4     30%         1
 Summon Small Mammal      Summ           0%         N/A       30%         1
 Slow                     Hex            0%         N/A       43%         2
 Static Discharge         Conj/Air       0%         N/A       43%         2
 Call Canine Familiar     Summ           0%         N/A       67%         3
 Confusing Touch          Hex            0%         N/A       67%         3
 Conjure Flame            Conj/Fire      0%         6-21      67%         3
 Dazzling Flash           Conj/Hex       0%         N/A       67%         3
 Gell's Gravitas          Tloc           0%         N/A       67%         3
 Inner Flame              Hex/Fire       0%         N/A       67%         3
 Portal Projectile        Hex/Tloc       0%         N/A       67%         3
 Teleport Other           Tloc           0%         N/A       67%         3
 Vampiric Draining        Necr           0%         2d6       67%         3
 Fulminant Prism          Conj/Hex       0%         3d6       97%         4
 Iskenderun's Mystic Bla  Conj/Tloc      0%         2d3       97%         4
 Leda's Liquefaction      Hex/Erth       0%         N/A       97%         4
 Agony                    Necr           0%         N/A       100%        5
 Lee's Rapid Deconstruct  Erth           0%         3d5*      100%        5
 Lightning Bolt           Conj/Air       0%         1d11      100%        5
 Silence                  Hex/Air        0%         N/A       100%        5
 Dispersal                Tloc           0%         N/A       100%        6
 Starburst                Conj/Fire      0%         6d3       100%        6
 Maxwell's Capacitive Co  Air            0%         ∞         100%        8


Dungeon Overview and Level Annotations

Branches:
Dungeon (10/15)            Temple (1/1) D:6            Lair (1/6) D:9
  Sewer (visited)
    Orc: D:9-12

Altars:
Ashenzari
Cheibriados
Dithmenos
Elyvilon
Fedhas
Gozag
Hepliaklqana
Kikubaaqudgha
Makhleb
Nemelex Xobeh
Qazlal
Ru
Sif Muna
Trog
Uskayaw
Vehumet
Wu Jian
Xom
Zin
The Shining One

Shops:
D:2 =

Annotations:
D:3 2 runed translucent doors, pkoi's ghost, weakling DrMo
D:4 3 runed translucent doors, Violens's ghost, amateur MiFi
D:6 3 runed translucent doors, Pin's ghost, novice DsBe; Powertoast's ghost, amateur OpTm; lonewolfV2's ghost, novice MiFi


Innate Abilities, Weirdness & Mutations

You can breathe blasts of noxious fumes.
Your lurid green scales are hard. (AC +7)
You cannot fit into any form of body armour.
Your system is resistant to poisons. (rPois)
You are cold-blooded and may be slowed by cold attacks.


Message History

The blink frog is almost dead.
The blink frog is engulfed in noxious fumes.
The blink frog appears confused.
You kill the blink frog!
Things that are here:
a blink frog corpse; a blink frog corpse
There is a staircase to the Lair, spattered with blood here.
You start resting.
You have got your breath back.
You start resting.
HP restored.
You climb downwards.
Welcome back to the Lair of Beasts!
You hear a distant snort.
Hark!
There is a gateway to a gauntlet on this level.
Find the entrance quickly before the gate is sealed!
The walls and floor vibrate strangely for a moment.
There is a staircase back to the Dungeon, spattered with blood here.
Found a scroll labelled LOMALOIMITA.
A komodo dragon comes into view.
The komodo dragon hisses angrily.
The komodo dragon bites you!!
You see here a scroll labelled LOMALOIMITA.
You hit the komodo dragon.
You tail-slap the komodo dragon, but do no damage.
The komodo dragon is lightly wounded.
You barely miss the komodo dragon.
You tail-slap the komodo dragon, but do no damage.
The komodo dragon is lightly wounded.
The komodo dragon bites you!!
* * * LOW HITPOINT WARNING * * *
You punch the komodo dragon! You tail-slap the komodo dragon.
The komodo dragon is heavily wounded.
The komodo dragon bites you!!
* * * LOW HITPOINT WARNING * * *
You hit the komodo dragon.
The komodo dragon is severely wounded.
You punch the komodo dragon!
You tail-slap the komodo dragon, but do no damage.
The komodo dragon is almost dead.
The komodo dragon bites you!!
You die...

,,** ##......#...### ,,*
###.............## ***
#.#..............##
##...............#.# **
#....#............>## ,*
*#.............#.....## **
**................(....# *
*,.......l...#.........## *
**.......@...#..........# *
**.......##..##.........# *
**,....##.*#..##.......P##*
*,,....,#.,######.......#.#
*,*..,,,##,** *##..<.....#
**,,,,,,,,,,***#.........#.
*,,,,,,,,*,*,,#.....#....#
*
**,,,,,*,,,,*,#.......#..#
*
*,*,,,,,,,,,,...........##


You could see a komodo dragon.

Vanquished Creatures
  3 two-headed ogres
  A cyclops (D:10)
  A komodo dragon (D:8)
  A hornet (D:8)
  3 blink frogs (D:9)
  A wraith (D:9)
  A wyvern (D:8)
  A yak (D:8)
  A basilisk (D:9)
  A steam dragon (D:9)
  2 acid dragons
  2 water moccasins (D:8)
  4 orc warriors
  2 ice beasts
  A black bear (D:6)
  A sky beast (D:6)
  An ogre (D:4)
  4 centaurs
  A kobold brigand (D:6)
  4 bullfrogs
  3 scorpions
  5 wights (D:9)
  2 howler monkeys
  2 centaur zombies
  A bullfrog zombie (D:6)
  An orc priest (D:9)
  4 bullfrog skeletons
  A jelly (D:8)
  A centaur skeleton (D:7)
  2 gnoll shamans
  A hound (D:4)
  An iguana (D:5)
  3 orc wizards
  A killer bee zombie (D:9)
  Robin (D:2)
  10 gnolls
  6 adders
  A river rat (D:3)
  2 shadow imps
  An ufetubus (D:6)
  8 worms
  3 dart slugs
  21 orcs
  8 ball pythons
  11 endoplasms
  10 giant cockroaches
  21 goblins
  11 hobgoblins
  4 jackals (Sewer)
  10 quokkas
  11 bats
  2 frilled lizards (D:3)
  11 kobolds
  7 rats
223 creatures vanquished.

Vanquished Creatures (collateral kills)
  An orc (D:3)
1 creature vanquished.

Vanquished Creatures (others)
  9 fungi
  17 plants
  4 withered plants (D:6)
30 creatures vanquished.

Grand Total: 254 creatures vanquished

Notes
Turn   | Place    | Note
-------+----------+-------------------------------------------
     0 | D:1      | pkoi the Draconian Monk began the quest for the Orb.
     0 | D:1      | Reached XP level 1. HP: 19/19 MP: 1/1
    74 | D:1      | Reached XP level 2. HP: 18/26 MP: 2/2
   560 | D:1      | Reached skill level 4 in Unarmed Combat
   929 | D:1      | Reached XP level 3. HP: 31/31 MP: 3/3
  1251 | D:2      | Noticed Robin
  1259 | D:2      | Killed Robin
  1633 | D:2      | Reached XP level 4. HP: 38/38 MP: 4/4
  1633 | D:2      | Found Tauzach's Jewellery Emporium.
  1658 | D:2      | Reached skill level 5 in Unarmed Combat
  1658 | D:2      | Found a blossoming altar of Fedhas.
  2495 | D:3      | Reached XP level 5. HP: 32/45 MP: 5/5
  2749 | D:3      | Reached skill level 6 in Unarmed Combat
  2770 | D:3      | Found a runed translucent door.
  2770 | D:3      | Found a bloodstained altar of Trog.
  2774 | D:3      | Noticed pkoi's ghost (weakling DrMo)
  2933 | D:3      | Found a glowing drain.
  2953 | Sewer    | Entered a sewer
  3822 | Sewer    | Reached XP level 6. HP: 42/51 MP: 6/6
  3983 | D:3      | Found a faded altar of an unknown god.
  4053 | D:3      | You fall into a shaft and drop 2 floors!
  4053 | D:5      | Entered Level 5 of the Dungeon
  4148 | D:4      | Reached skill level 7 in Unarmed Combat
  4239 | D:3      | Found a runed translucent door.
  4278 | D:3      | Found a white marble altar of Elyvilon.
  4631 | D:3      | Found a shimmering altar of Xom.
  4632 | D:3      | Found a sacrificial altar of Ru.
  5615 | D:4      | Found a runed translucent gate.
  5615 | D:4      | Found a runed translucent gate.
  5615 | D:4      | Found a runed translucent gate.
  5616 | D:4      | Found an opulent altar of Gozag.
  5616 | D:4      | Noticed an orc warrior
  5617 | D:4      | Noticed Violens's ghost (amateur MiFi)
  6418 | D:5      | Your scales start taking on a lurid green colour.
  6418 | D:5      | Reached XP level 7. HP: 50/57 MP: 7/7
  6418 | D:5      | Gained mutation: Your system is resistant to poisons.
                  | (rPois) [Green Draconian growth]
  6771 | D:6      | Found an opulent altar of Gozag.
  6771 | D:6      | Found an ancient bone altar of Kikubaaqudgha.
  6771 | D:6      | Found a glowing silver altar of Zin.
  6771 | D:6      | Found a stormy altar of Qazlal.
  6794 | D:5      | Reached skill level 8 in Unarmed Combat
  7283 | D:6      | Found a burning altar of Makhleb.
  7283 | D:6      | Found a glowing golden altar of the Shining One.
  7304 | D:6      | Became a worshipper of the Shining One
  7304 | D:6      | Reached * piety under the Shining One
  7304 | D:6      | Reached ** piety under the Shining One
  7694 | D:6      | Found a runed translucent gate.
  7694 | D:6      | Found a runed translucent gate.
  7694 | D:6      | Found a runed translucent gate.
  7699 | D:6      | Noticed Powertoast's ghost (amateur OpTm)
  7699 | D:6      | Noticed lonewolfV2's ghost (novice MiFi)
  7699 | D:6      | Noticed Pin's ghost (novice DsBe)
  7717 | D:6      | Reached XP level 8. HP: 67/67 MP: 8/8
  7840 | D:6      | Reached skill level 9 in Unarmed Combat
  8089 | D:6      | Reached skill level 5 in Fighting
  8421 | D:6      | Found a staircase to the Ecumenical Temple.
  8640 | Temple   | Entered the Ecumenical Temple
  9636 | D:7      | Noticed a seven-headed hydra
 10000 | D:8      | Reached skill level 10 in Unarmed Combat
 10066 | D:8      | Noticed a two-headed ogre
 10075 | D:8      | Noticed a hornet
 10500 | D:7      | Reached skill level 5 in Dodging
 10565 | D:8      | Reached XP level 9. HP: 75/75 MP: 9/9
 10576 | D:8      | Learned a level 1 spell: Apportation
 10965 | D:8      | Killed a two-headed ogre
 10966 | D:8      | Reached skill level 11 in Unarmed Combat
 11285 | D:8      | Reached *** piety under the Shining One
 11688 | D:9      | Reached skill level 12 in Unarmed Combat
 11965 | D:9      | Noticed a komodo dragon
 11998 | D:8      | Reached XP level 10. HP: 56/83 MP: 10/10
 12717 | D:9      | Noticed a two-headed ogre
 12740 | D:9      | Killed a two-headed ogre
 12741 | D:9      | Reached skill level 13 in Unarmed Combat
 12775 | D:9      | Found a staircase to the Lair.
 12846 | D:9      | Noticed a two-headed ogre
 12888 | D:9      | Killed a two-headed ogre
 13600 | D:10     | Entered Level 10 of the Dungeon
 13635 | D:10     | Reached skill level 14 in Unarmed Combat
 13635 | D:10     | Noticed a cyclops
 13677 | D:10     | Killed a cyclops
 13794 | Lair:1   | Entered Level 1 of the Lair of Beasts
 14443 | Lair:1   | Slain by a komodo dragon

Illustrated notes

Levels and vault maps discovered:
D:1:      dpeg_arrival_pits, layout_basic, minmay_curled_crystal
D:2:      layout_rooms, basic_altar, serial_shops, nicolae_lakefront_shop,
          st_stairs_8, uniq_robin
D:3:      layout_basic, mainiacjoe_overflow_cross_hatched, elyvilon_altar_1,
          minitemple, lightli_sewer_entry_pipes, ebering_ghost_sewer_f,
          shapermc_ecumenical_altar_gd
D:4:      minmay_clustersquares, layout_basic, ebering_ghost_gozag
D:5:      layout_basic
D:6:      layout_loops_ring, minmay_overflow_temple_hex,
          minmay_temple_entry_antechambers, gammafunk_ghost_cemetery
D:7:      layout_layer_cave, minivault_19
D:8:      layout_loops_ring, minmay_chambers_of_fives
D:9:      layout_cave_pools, grunt_lair_entry_orc_guard_hut,
          kennysheep_generic_room_13
D:10:     layout_stronghold, amcnicky_altar_gilded, kennysheep_mini_moat,
          david_orc_5, serial_bayou_lagoon_a
Temple:   eino_temple_lava
Lair:1:   minmay_lair_venomous_thicket, layout_cave_shapes,
          gauntlet_entry_generic, minmay_lair_oklob_chamber

Skill      XL: |  1  2  3  4  5  6  7  8  9 10 |
---------------+-------------------------------+-----
Unarmed Combat | 4 5 6 7 8 10 12 14 | 14.7
Dodging        | 3 5 6 |  6.0
Fighting       | 4 6 |  6.0
Stealth        | |  1.7

Action                   |  1- 3 |  4- 6 |  7- 9 | 10-12 || total
-------------------------+-------+-------+-------+-------++-------
Melee: Unarmed           |   157 |   377 |   247 |   111 ||   892
       Tailslap          |    16 |    46 |    31 |    25 ||   118
       Punch             |     4 |     9 |    21 |     6 ||    40
 Abil: Breathe Noxious F |       |       |    11 |     8 ||    19
Evoke: Wand              |       |       |       |     1 ||     1
  Use: Scroll            |       |     9 |     7 |     2 ||    18
       Potion            |       |     4 |     2 |       ||     6
 Stab: Sleeping          |     2 |     5 |       |       ||     7
Armor: Skin              |    34 |   109 |    70 |    33 ||   246
Dodge: Dodged            |    80 |   227 |   173 |    78 ||   558
Block: Other             |       |       |    32 |    24 ||    56
       Reflection        |       |       |     3 |       ||     3
